 Dungeon Crawl Stone Soup version 0.29-a0-378-gc08b2e8bf8 (webtiles) character file.

Game seed: 5978189394510078005

1282 xaos the Twirler (level 8, -2/60 HPs)
             Began as a Human Wanderer on May 4, 2022.
             Was an Elder of Elyvilon.
             Slain by Maggie
             ... wielding a +2 war axe of flaming
              (3 damage)
             ... on level 6 of the Dungeon on May 6, 2022.
             The game lasted 00:39:39 (6611 turns).

xaos the Twirler (Human Wanderer)                   Turns: 6611, Time: 00:39:40

Health: -2/60      AC: 16    Str: 14    XL:     8   Next: 84%
Magic:  10/10      EV:  5    Int: 12    God:    Elyvilon [****..]
Gold:   333        SH:  5    Dex: 20    Spells: 2/9 levels left

rFire   . . .      SeeInvis .   u - +2 quarterstaff (spect)
rCold   . . .      Faith    .   (shield currently unavailable)
rNeg    + . .      Spirit   .   B - +0 plate armour
rPois   .          Reflect  +   (no helmet)
rElec   .          Harm     .   l - +1 cloak
rCorr   .          Rampage  .   (no gloves)
Will    .....      Clarity  +   (no boots)
Stlth   ..........              r - amulet of reflection
HPRegen 0.20/turn               J - ring of positive energy
MPRegen 0.12/turn               F - +6 ring of dexterity

@: no status effects
A: iridescent scales 1, clarity, wild magic 1
a: Renounce Religion, Purification, Heal Other, Heal Self


You were on level 6 of the Dungeon.
You worshipped Elyvilon.
Elyvilon was greatly pleased with you.
You visited 1 branch of the dungeon, and saw 6 of its levels.

You collected 333 gold pieces.

Inventory:

Hand Weapons
 g - a +0 whip of electrocution
 u - a +2 spectral quarterstaff (weapon)
 v - a +2 long sword of holy wrath
 D - a +0 hand axe of venom
Missiles
 c - 24 stones
 i - 3 atropa-tipped darts
 K - 4 boomerangs (quivered)
Armour
 l - a +1 cloak (worn)
 B - a +0 plate armour (worn)
Magical Staves
 y - a staff of air
Jewellery
 r - an amulet of reflection (around neck)
 x - a ring of protection from cold
 F - a +6 ring of dexterity (right hand)
 H - a ring of wizardry
 J - a ring of positive energy (left hand)
Scrolls
 a - a scroll of immolation {unknown}
 b - 3 scrolls of teleportation
 k - 3 scrolls of identify
 o - 4 scrolls of amnesia {unknown}
 p - a scroll of magic mapping {unknown}
 q - a scroll of enchant armour {unknown}
 s - a scroll of blinking {unknown}
 t - a scroll of fear {unknown}
 A - a scroll of silence {unknown}
 G - a scroll of vulnerability {unknown}
Potions
 e - 3 potions of lignification
 f - 2 potions of mutation
 h - a potion of brilliance {unknown}
 j - a potion of flight {unknown}
 m - a potion of degeneration {unknown}
 w - a potion of magic {unknown}
 C - 2 potions of ambrosia {unknown}
 I - 2 potions of curing {unknown}
Miscellaneous
 d - a piece from Xom's chessboard (15/15)


   Skills:
 + Level 3.9 Fighting
 + Level 0.7 Short Blades
 + Level 1.0(3.6) Maces & Flails
 + Level 5.6(5.7) Staves
 + Level 2.9 Throwing
 + Level 4.8 Armour
 + Level 1.9 Dodging
 + Level 1.7 Stealth
 + Level 2.6 Shields
 + Level 1.4 Spellcasting
 + Level 4.4 Earth Magic
 + Level 1.0 Evocations


You had 2 spell levels left.
You knew the following spells:

 Your Spells              Type           Power      Damage    Failure   Level
a - Sandblast             Erth           28%        2d8       99%         1
b - Passwall              Tmut/Erth      5%         N/A       100%        2
c - Confusing Touch       Hex            1%         N/A       100%        3
d - Summon Small Mammal   Summ           4%         N/A       100%        1

Your spell library contained the following spells:

 Spells                   Type           Power      Damage    Failure   Level
 Call Canine Familiar     Summ           1%         N/A       100%        3
 Ozocubu's Armour         Ice            1%         N/A       100%        3
 Stone Arrow              Conj/Erth      14%        3d7       100%        3
 Summon Guardian Golem    Hex/Summ       1%         N/A       100%        3
 Yara's Violent Unravell  Hex/Tmut       0%         3d3       100%        5
 Enfeeble                 Hex            0%         N/A       100%        7
 Ozocubu's Refrigeration  Ice            0%         4d5       100%        7


Dungeon Overview and Level Annotations

Branches:
Dungeon (6/15)
 Temple: D:4-7

Altars:
Elyvilon

Annotations:
D:6 Maggie


Innate Abilities, Weirdness & Mutations

You are partially covered in iridescent scales. (AC +2)
You possess an exceptional clarity of mind.
Your spells are a little harder to cast, but a little more powerful.


Message History

You closely miss Maggie.
Maggie zaps a wand.
The bolt of acid hits you.
You sock Maggie!
Maggie is lightly wounded.
Maggie hits you but does no damage.
You sock Maggie!
Maggie is moderately wounded.
Maggie mumbles some strange words.
Maggie attempts to bespell you!
You are unaffected.
You sock Maggie!
Maggie is heavily wounded.
Maggie gestures wildly while chanting.
Maggie attempts to bespell you!
You are unaffected.
You hit Maggie.
Maggie is heavily wounded.
Maggie hits you but does no damage.
You closely miss Maggie.
Maggie is heavily wounded.
Maggie barely misses you.
You hit Maggie.
Maggie is heavily wounded.
Maggie hits you with a +2 war axe of flaming!
Maggie burns you.
You closely miss Maggie.
Maggie is heavily wounded.
Maggie casts a spell.
Maggie attempts to bespell you!
You are unaffected.
You closely miss Maggie.
Maggie is heavily wounded.
Maggie zaps a wand.
The bolt of acid hits you!!
* * * LOW HITPOINT WARNING * * *
You hit Maggie but do no damage.
Maggie is heavily wounded.
Maggie gestures wildly while chanting.
Maggie attempts to bespell you!
You are unaffected.
You hit Maggie.
Maggie is heavily wounded.
Maggie hits you with a +2 war axe of flaming.
* * * LOW HITPOINT WARNING * * *
Maggie burns you.
You die...

.# #.# .# #.......# #.# .#
#.# .# #.......# #.# .# #.#
.# #.......# #.# .# #.# .#
#.......# ###.# .# #.# .#
#.......# #...#
.####.##.########.......#
#.###
..<†....................#
#.# ..###.#.###### #@#.#
#.# #.# #.#.# #@#.# ###.#
#.# #.#.# #.#.########...#
#.# #.#.# #.#.....@......#
#.#
#.#.########.##########...#
#.# #.#.#.....##.# ##..#
#.###.#.#.###.##.# ...#
#.......).....##.# #.##
#.##..........##.####.. #.#
#.....................$.
#.#


You could see Maggie.

Vanquished Creatures
  A water moccasin (D:5)
  3 black bears
  2 ogres
  A bullfrog (D:4)
  4 scorpions
  5 hounds
  A gnoll shaman (D:5)
  2 orc priests
  An orc wizard (D:3)
  6 adders
  A white imp (D:5)
  An ufetubus (D:5)
  A worm (D:5)
  A dart slug (D:2)
  12 orcs
  4 bats
  4 endoplasms
  3 giant cockroaches
  6 goblins
  10 hobgoblins
  2 jackals (D:2)
  6 quokkas
  8 ball pythons
  5 frilled lizards
  11 kobolds
  8 rats
109 creatures vanquished.

Vanquished Creatures (others)
  6 plants
6 creatures vanquished.

Grand Total: 115 creatures vanquished

Notes
Turn   | Place    | Note
-------+----------+-------------------------------------------
     0 | D:1      | xaos the Human Wanderer began the quest for the Orb.
     0 | D:1      | xaos set off with the following items: a +0 dagger, 2
                  | scrolls of teleportation, 34 stones, a +0 leather armour, a
                  | potion of lignification; and the following spell memorised:
                  | Sandblast; and the following spells available to memorise:
                  | Passwall, Stone Arrow
     0 | D:1      | Reached XP level 1. HP: 18/18 MP: 2/2
   225 | D:1      | Reached XP level 2. HP: 7/24 MP: 1/3
   694 | D:1      | Found a faded altar of an unknown god.
   922 | D:1      | Prayed at the altar of an unknown god.
   922 | D:1      | Became a worshipper of Elyvilon the Healer
   922 | D:1      | Reached * piety under Elyvilon
   979 | D:1      | Gained mutation: Your spells are a little harder to cast,
                  | but a little more powerful. [potion of mutation]
   979 | D:1      | Gained mutation: You are partially covered in iridescent
                  | scales. (AC +2) [potion of mutation]
   979 | D:1      | Gained mutation: You possess an exceptional clarity of
                  | mind. [potion of mutation]
  1080 | D:1      | Learned a level 2 spell: Passwall
  1354 | D:1      | Reached XP level 3. HP: 22/29 MP: 4/4
  1845 | D:2      | Reached skill level 1 in Stealth
  1944 | D:2      | Reached ** piety under Elyvilon
  2075 | D:2      | Reached skill level 1 in Armour
  2116 | D:2      | Noticed a scorpion
  2129 | D:2      | Killed a scorpion
  2130 | D:2      | Reached XP level 4. HP: 35/35 MP: 4/6
  2130 | D:2      | Reached XP level 5. HP: 41/41 MP: 4/7
  3390 | D:4      | Learned a level 3 spell: Confusing Touch
  3418 | D:4      | Reached *** piety under Elyvilon
  3449 | D:4      | Reached skill level 1 in Maces & Flails
  3449 | D:4      | Reached skill level 1 in Staves
  3449 | D:4      | Reached skill level 1 in Throwing
  3449 | D:4      | Reached XP level 6. HP: 42/47 MP: 8/8
  4526 | D:4      | Learned a level 1 spell: Summon Small Mammal
  4751 | D:5      | Entered Level 5 of the Dungeon
  4751 | D:5      | Noticed a black bear
  4764 | D:5      | Killed a black bear
  4765 | D:5      | Reached skill level 2 in Staves
  4765 | D:5      | Reached skill level 1 in Shields
  4765 | D:5      | Reached XP level 7. HP: 34/52 MP: 9/9
  5023 | D:5      | Reached **** piety under Elyvilon
  5124 | D:5      | Noticed a water moccasin
  5129 | D:5      | Killed a water moccasin
  5130 | D:5      | Reached skill level 3 in Staves
  5237 | D:5      | Reached XP level 8. HP: 60/60 MP: 10/10
  5250 | D:5      | Reached skill level 4 in Staves
  5556 | D:5      | Reached skill level 5 in Staves
  6192 | D:6      | Noticed Maggie
  6225 | D:6      | Elyvilon protects you from harm!
  6611 | D:6      | HP: 1/60 [Maggie/+2 war axe of flaming (5)]
  6611 | D:6      | Slain by Maggie

Illustrated notes

Levels and vault maps discovered:
D:1:      dpeg_arrival_simpleton_b, layout_rooms,
          dreamdust_ecumenical_altar_grove,
          wander_ebering_terrifying_dragon_lair
D:2:      minmay_razor_zed, layout_rooms, serial_bayou_ford_a
D:3:      layout_loops_ring
D:4:      layout_layer_cave
D:5:      layout_basic, dreamdust_princess_corridor, minmay_circle_x
D:6:      layout_loops_ring, hellmonk_bongcloud_opening, uniq_maggie

Skill      XL: |  1  2  3  4  5  6  7  8 |
---------------+-------------------------+-----
Stealth        | 1 |  1.7
Armour         | 2 3 4 |  4.8
Maces & Flails | 1 |  1.0
Staves         | 1 2 3 5 |  5.6
Throwing       | 1 2 |  2.9
Shields        | 1 2 |  2.6
Fighting       | |  3.9
Short Blades   | |  0.7
Dodging        | |  1.9
Spellcasting   | |  1.4
Earth Magic    | |  4.4
Evocations     | |  1.0

Action                   |  1- 3 |  4- 6 |  7- 9 || total
-------------------------+-------+-------+-------++-------
Melee: Dagger            |    57 |       |       ||    57
       Whip              |    43 |       |       ||    43
       Quarterstaff      |     9 |    89 |    84 ||   182
Throw: Stone             |    19 |    32 |     3 ||    54
       Boomerang         |       |       |    23 ||    23
 Cast: Sandblast         |     8 |       |       ||     8
  Use: Scroll            |     1 |     1 |     1 ||     3
       Potion            |     2 |       |     2 ||     4
 Stab: Sleeping          |     3 |       |       ||     3
       Distracted        |     1 |       |       ||     1
Armor: Leather armour    |    34 |       |       ||    34
       Plate armour      |       |    81 |    40 ||   121
Dodge: Dodged            |    59 |    42 |    11 ||   112
Block: Other             |     3 |    28 |    26 ||    57
       Reflection        |       |     3 |       ||     3

Table legend: (Time is in decaauts)
 A = Elapsed time spent in this place.
 B = Non-inter-level travel time spent in this place.
 C = Inter-level travel time spent in this place.
 D = Time resting spent in this place.
 E = Time spent auto-exploring this place.
 F = Levels seen in this place.
 G = Mean time per level.
                   A        B        C        D        E       F      G
               +--------+--------+--------+--------+--------+-----+--------+
         Total |   6662 |   6662 |      0 |   2398 |   1035 |   6 | 1110.3 |
       Dungeon |   6662 |   6662 |      0 |   2398 |   1035 |   6 | 1110.3 |
               +--------+--------+--------+--------+--------+-----+--------+

Top non-repeatable levels by time:
     D:5: 1688 daAuts
     D:1: 1609 daAuts
     D:4: 1410 daAuts
     D:3: 984 daAuts
     D:2: 785 daAuts
     D:6: 185 daAuts
